 Dungeon Crawl Stone Soup version 0.30-a0-983-g7e3032bf44 (console) character file.

Game seed: 11969537489875007766

31 Banquo the Trooper (level 3, 30/30 HPs)
             Began as a Djinni Fighter on Mar 31, 2023.
             Was a High Priest of Ignis.
             Got out of the dungeon alive.
             The game lasted 00:03:01 (733 turns).

Banquo the Trooper (Djinni Fighter)                  Turns: 733, Time: 00:03:01

Health: 30/30      AC:  6    Str: 15    XL:     3   Next: 40%
Gold:   55         EV:  8    Int: 11    God:    Ignis [*****.] SH:  4 Dex: 12

rFire   + + +      SeeInvis .      - Unarmed
rCold   x . .      Faith    .    b - +0 buckler
rNeg    + . .      Spirit   .    a - +0 scale mail
rPois   ∞          Reflect  .    (no helmet)
rElec   .          Rampage  .    (no cloak)
rCorr   +                        (no gloves)
Will    .....                    (boots unavailable) Stlth
                                 (no amulet)
HPRegen 0.25/turn                f - ring of resist corrosion
MPRegen 0.00/turn                h - ring of positive energy

@: flying
A: sickness immunity, fire resistance 2, cold vulnerability 1, float, innate
caster, HP casting, extra vitality 1
a: Renounce Religion, Fiery Armour, Foxfire Swarm, Rising Flame


You escaped.
You worshipped Ignis.
Ignis was extremely pleased with you.
You visited 1 branch of the dungeon, and saw 2 of its levels.

You collected 55 gold pieces.

Inventory:

Armour
 a - a +0 scale mail (worn)
 b - a +0 buckler (worn)
Jewellery
 f - a ring of resist corrosion (left hand)
 g - a ring of fire
 h - a ring of positive energy (right hand)
Scrolls
 e - a scroll of identify {unknown}
Potions
 c - 3 potions of might
 d - a potion of mutation {unknown}
 i - a potion of curing {unknown}


   Skills:
 + Level 3.3 Fighting
 - Level 3.0 Armour
 - Level 3.0 Shields
 * Level 2.9 Unarmed Combat
 * Level 0.7 Spellcasting


You knew the following spells:

 Your Spells              Type           Power      Damage    Failure   Level
z - Freeze                Ice            8%         1d3       77%         1
Your spell library was empty.

Dungeon Overview and Level Annotations

Branches:
Dungeon (2/15)

Altars:
Ignis


Innate Abilities, Weirdness & Mutations

You are immune to sickness and miasma.
You are immune to poison.
Your flesh is very heat resistant. (rF++)
You are vulnerable to cold. (rC-)
You float through the air rather than walking.
You learn spells naturally, not from books.
Your magical power is your life essence.
You have superior vitality. (+4 MHP)


Message History

You block the bat's attack. The bat barely misses you.
The bat closely misses you.
You barely miss the bat.
The bat is moderately wounded.
The bat hits you but does no damage. You block the bat's attack.
The bat hits you but does no damage. x2
You closely miss the bat. The bat hits you but does no damage.
The bat barely misses you. The bat hits you.
You barely miss the bat. The bat hits you but does no damage. x2
You closely miss the bat. The bat hits you but does no damage. x2
You hit the bat.
You kill the bat!
No target in view!
No target in view!
No target in view!
No target in view!
No target in view!
No target in view!
No target in view!
No target in view!
No target in view!
No target in view!
No target in view!
No target in view!
No target in view!
No target in view!
No target in view!
No target in view!
i - a smoky silvery potion You see here a +0 whip.
There is a stone staircase leading up here.
You fly upwards.
There is a stone staircase leading down here.
You see here a +0 club.
There is an open door here.
There is a staircase leading out of the dungeon here.
Are you sure you want to leave the Dungeon?
This will make you lose the game!
You have escaped!

#............######.#........
############.# ###........
######'########........
#.......(...##.........
#...........##......###
#..⌠.....⌠..##.#...####
#...........##.........
#...........###########
#.....@.....###########
#...........##).......#
#...........##........#
#..⌠.....⌠..##........#
#...........##.........
#...........##.........
######+#######.#.....#.
######+#########.###.#.
#...........†.....#..#.


There were no monsters in sight!

Vanquished Creatures
  4 bats
  4 endoplasms (D:1)
  A giant cockroach (D:1)
  6 goblins (D:1)
  3 hobgoblins (D:1)
  2 jackals (D:1)
  A quokka (D:1)
  3 ball pythons (D:1)
  A frilled lizard (D:1)
  2 kobolds
  A rat (D:1)
28 creatures vanquished.

Notes
Turn   | Place    | Note
-------+----------+-------------------------------------------
     0 | D:1      | Banquo the Djinni Fighter began the quest for the Orb.
     0 | D:1      | Reached XP level 1. HP: 20/20 MP: 0/0
   120 | D:1      | Reached XP level 2. HP: 20/25 MP: 0/0
   381 | D:1      | Reached XP level 3. HP: 28/30 MP: 0/0
   381 | D:1      | Learned a level 1 spell: Freeze
   409 | D:1      | Found a faded altar of an unknown god.
   426 | D:1      | Prayed at the altar of an unknown god.
   426 | D:1      | Became a worshipper of Ignis, the Dying Flame
   733 | D:$      | Got out of the dungeon alive.

Illustrated notes

Levels and vault maps discovered:
D:1:      psy_arrival_statuary, layout_basic,
          hellmonk_ecumenical_altar_pennies_from_heaven
D:2:      layout_loops_cross, lemuel_flame_loot_1, uniq_terence

Action                     || total
---------------------------++-------
  Melee: Unarmed           ||   142
 Armour: Scale mail        ||    60
  Dodge: Dodged            ||    68
  Block: Buckler           ||    31

Table legend: (Time is in decaauts)
 A = Elapsed time spent in this place.
 B = Non-inter-level travel time spent in this place.
 C = Inter-level travel time spent in this place.
 D = Time resting spent in this place.
 E = Time spent auto-exploring this place.
 F = Levels seen in this place.
 G = Mean time per level.
                   A        B        C        D        E       F      G
               +--------+--------+--------+--------+--------+-----+--------+
         Total |    733 |    653 |     80 |      0 |    390 |   2 |  366.5 |
       Dungeon |    733 |    653 |     80 |      0 |    390 |   2 |  366.5 |
               +--------+--------+--------+--------+--------+-----+--------+

Top non-repeatable levels by time:
     D:1: 709 daAuts
     D:2: 24 daAuts
